 Dungeon Crawl Stone Soup version 0.23-b1-67-g8bd44de (webtiles) character file.

Game seed: 12215818054570305916

743 HEYYEYAAE the Quickloader (level 7, -1/50 HPs)
             Began as an Octopode Hunter on Feb 5, 2019.
             Slain by an orc
             ... wielding a +0 trident
              (7 damage)
             ... on level 6 of the Dungeon.
             The game lasted 00:03:48 (5497 turns).

HEYYEYAAE the Quickloader (Octopode Hunter)         Turns: 5497, Time: 00:03:49

Health: -1/50      AC:  1    Str: 11    XL:     7   Next: 76%
Magic:  7/7        EV: 13    Int: 14    God:
Gold:   359        SH:  0    Dex: 14    Spells: 6/6 levels left

rFire    . . .     SeeInvis .   q - +1 mace (drain)
rCold    . . .     Gourm    .   (no shield)
rNeg     . . .     Faith    .   (helmet restricted)
rPois    .         Spirit   .   (no amulet)
rElec    .         Reflect  .   e - ring of stealth
rCorr    .         Harm     .   (no ring)
MR       .....                  (no ring)
Stlth    ++++......             (no ring)
HPRegen  0.16/turn              (no ring)
MPRegen  0.10/turn              (no ring)
                                (no ring)
                                (no ring)

@: no status effects
A: almost no armour, stealthy swim, amphibious, 8 rings, constrict 8, camouflage
1, gelatinous body 1
a: no special abilities


You were on level 6 of the Dungeon.
You were not hungry.

You visited 1 branch of the dungeon, and saw 6 of its levels.

You collected 359 gold pieces.

Inventory:

Hand Weapons
 a - a +1 hand crossbow
 b - a +0 short sword
 q - a +1 mace of draining (weapon)
Missiles
 c - 32 bolts
Jewellery
 e - a ring of stealth (left tentacle)
 k - an uncursed ring of resist corrosion {unknown}
Wands
 w - a wand of disintegration (10)
 y - a wand of acid (6)
Scrolls
 f - 3 scrolls of fog
 h - a scroll of noise {unknown}
 j - 3 scrolls of remove curse
 m - a scroll of teleportation
 n - a scroll of blinking {unknown}
 o - a scroll of amnesia {unknown}
 r - a scroll of fear
 v - a scroll of enchant armour {unknown}
Potions
 g - a potion of might {unknown}
 i - a potion of degeneration {unknown}
 l - 3 potions of haste
 p - a potion of experience {unknown}
 s - a potion of heal wounds {unknown}
 t - 2 potions of agility {unknown}
 u - a potion of lignification {unknown}
 x - 2 potions of curing {unknown}
 z - a potion of magic {unknown}
Comestibles
 d - 5 rations


   Skills:
 + Level 5.0 Fighting
 + Level 8.0 Crossbows
 - Level 2.0 Dodging
 - Level 1.3 Stealth


You had 6 spell levels left.
You didn't know any spells.
Your spell library contained the following spells:

 Spells                   Type           Power        Failure   Level  Hunger
 Beastly Appendage        Tmut           #.....       28%         1    ##.....
 Confusing Touch          Hex            #.....       28%         1    ##.....
 Sticks to Snakes         Tmut           #.......     41%         2    ###....
 Confuse                  Hex            #.......     65%         3    ####...
 Gell's Gravitas          Tloc           #.........   65%         3    ####...
 Spider Form              Tmut/Pois      #.........   65%         3    ####...
 Ice Form                 Ice/Tmut       #.......     96%         4    #####..
 Petrify                  Tmut/Erth      #.......     96%         4    #####..
 Blade Hands              Tmut           #.........   100%        5    ######.
 Metabolic Englaciation   Hex/Ice        #.........   100%        5    ######.
 Yara's Violent Unravell  Hex/Tmut       #.........   100%        5    ######.


Dungeon Overview and Level Annotations

Branches:
Dungeon (6/15)
 Temple: D:4-7

Altars:
Dithmenos
Gozag
Sif Muna
Zin

Annotations:
D:3 1 runed translucent door, Crazy Yiuf


Innate Abilities, Weirdness & Mutations

You cannot wear most types of armour.
You are very stealthy in the water. (Stealth+)
You are amphibious.
You can wear up to eight rings at the same time.
You can use your tentacles to constrict eight enemies at once.
Your skin changes colour to match your surroundings (Stealth+).
Your rubbery body absorbs attacks. (AC +1, EV +1)


Message History

The orc hits you with a +0 flail.
* * * LOW HITPOINT WARNING * * *
The orc misses you.
You hit the orc.
You kill the orc!
The orc hits you but does no damage. The orc hits you with a +0 club.
* * * LOW HITPOINT WARNING * * *
You hit the orc. Your grab misses the orc. Your squeeze misses the orc.
The orc is severely wounded.
The orc completely misses you. The orc closely misses you.
You hit the orc but do no damage. You grab the orc.
The orc is severely wounded.
You constrict the orc, but do no damage.
The orc hits you but does no damage. The orc misses you.
The orc hits you from afar with a +0 trident.
* * * LOW HITPOINT WARNING * * *
You hit the orc. You drain the orc.
You kill the orc!
The orc hits you from afar with a +0 trident!
You die...

....#..####.#####.##.#
..........#.# #.##.#
#.....#.#.#.#####.##.#
....<.......#........#
#.#.......#.#.####.#.#
#.###.....### #.#.# #
........ #...#
#################..#
.......(...Z@...>#
.......$..o#######
[...............#
...........####.#
.[.......[.#
...........#
...........#
...........#
###....#####


You could see an orc and an adder skeleton.

Vanquished Creatures
  A phantom (D:5)
  A centaur (D:5)
  A scorpion (D:4)
  A bullfrog zombie (D:5)
  An orc priest (D:4)
  2 hounds (D:4)
  A bullfrog skeleton (D:4)
  An orc wizard (D:6)
  Terence (D:3)
  4 worker ants
  Natasha (thrice) (D:2)
  Robin (D:2)
  4 adders
  An adder skeleton (D:4)
  A worm (D:4)
  2 dart slugs
  A leopard gecko (D:2)
  12 orcs
  A ball python (D:2)
  2 giant cockroaches
  17 goblins
  8 hobgoblins
  12 jackals
  2 quokkas
  2 bats (D:1)
  8 frilled lizards
  2 kobolds (D:2)
  5 rats
98 creatures vanquished.

Notes
Turn   | Place    | Note
-------+----------+-------------------------------------------
     0 | D:1      | HEYYEYAAE the Octopode Hunter began the quest for the Orb.
     0 | D:1      | Reached XP level 1. HP: 14/14 MP: 1/1
    29 | D:1      | Reached XP level 2. HP: 19/19 MP: 2/2
   671 | D:2      | Noticed Natasha
   675 | D:2      | Killed Natasha
   675 | D:2      | Reached skill level 5 in Crossbows
   675 | D:2      | Reached XP level 3. HP: 9/24 MP: 3/3
   914 | D:2      | Reached XP level 4. HP: 22/29 MP: 4/4
  1198 | D:2      | Noticed Natasha
  1203 | D:2      | Killed Natasha
  1213 | D:2      | Identified the +0 helmet of Inucseeb {rN+ MR+ Dex+3}
  1213 | D:2      | Noticed Robin
  1224 | D:2      | Killed Robin
  1224 | D:2      | Reached skill level 6 in Crossbows
  1277 | D:2      | Reached XP level 5. HP: 17/34 MP: 5/5
  1313 | D:2      | Noticed Natasha
  1317 | D:2      | Killed Natasha
  1911 | D:2      | Found a deep blue altar of Sif Muna.
  2021 | D:3      | Found a shadowy altar of Dithmenos.
  2240 | D:3      | Found an opulent altar of Gozag.
  2250 | D:3      | Found a faded altar of an unknown god.
  2424 | D:3      | Noticed Terence
  2440 | D:3      | Killed Terence
  2540 | D:3      | Found a runed translucent door.
  2541 | D:3      | Noticed Crazy Yiuf
  2764 | D:4      | Reached XP level 6. HP: 26/41 MP: 6/6
  3137 | D:4      | Reached skill level 7 in Crossbows
  3621 | D:4      | Found a glowing silver altar of Zin.
  4341 | D:4      | Reached XP level 7. HP: 37/48 MP: 7/7
  4582 | D:5      | Entered Level 5 of the Dungeon
  5490 | D:6      | Reached skill level 5 in Fighting
  5493 | D:6      | Reached skill level 8 in Crossbows
  5497 | D:6      | Slain by an orc

Skill      XL: |  1  2  3  4  5  6  7 |
---------------+----------------------+-----
Crossbows      | 5 6 7 8 |  8.0
Fighting       | 4 5 |  5.0
Dodging        | |  2.0
Stealth        | |  1.3

Action                   |  1- 3 |  4- 6 |  7- 9 || total
-------------------------+-------+-------+-------++-------
Melee: Short sword       |       |   143 |       ||   143
       Constrict         |       |    39 |     5 ||    44
       Tentacles         |       |    34 |     7 ||    41
       Mace              |       |     4 |    23 ||    27
 Fire: Hand crossbow     |    47 |    35 |       ||    82
Evoke: Wand              |       |       |     5 ||     5
  Use: Scroll            |       |     6 |       ||     6
 Stab: Sleeping          |       |     5 |     1 ||     6
  Eat: Chunk             |       |     6 |     3 ||     9
       Ration            |       |     1 |     1 ||     2
Armor: Skin              |     1 |     5 |     4 ||    10
Dodge: Dodged            |     7 |    76 |    17 ||   100
